 Dungeon Crawl Stone Soup version 0.30-a0-305-g026cb31310 (webtiles) character file.

Game seed: 866767293462798274

721 billz999 the Chopper (level 7, -7/72 (82) HPs)
             Began as a Demonspawn Fighter on Oct 21, 2022.
             Mangled by a gnoll sergeant
             ... wielding a +3 trident of protection
              (10 damage)
             ... on level 6 of the Dungeon.
             The game lasted 00:04:57 (4199 turns).

billz999 the Chopper (Demonspawn Fighter)           Turns: 4199, Time: 00:04:57

HP:   -7/72 (82)    AC: 11    Str: 22    XL:     7   Next: 42%
MP:   7/7           EV:  9    Int: 12    God:
Gold: 265           SH:  8    Dex: 10    Spells: 6/6 levels left

rFire   . . .      SeeInvis .    a - +0 war axe
rCold   x . .      Faith    .    c - +0 buckler
rNeg    . . .      Spirit   .    b - +0 scale mail
rPois   .          Reflect  .    (no helmet)
rElec   .          Harm     .    (no cloak)
rCorr   .          Rampage  .    (no gloves)
Will    .....                    w - +1 pair of boots
Stlth   ..........               (no amulet)
HPRegen 0.32/turn                (no ring)
MPRegen 0.20/turn                (no ring)

@: mighty, berserking, attractive, hasted, heavily drained, very quick
A: claws 1, yellow scales 1, magic regeneration, condensation shield, clever 1,
strong 1, cold vulnerability 1
a: no special abilities


You were on level 6 of the Dungeon.
You visited 1 branch of the dungeon, and saw 6 of its levels.

You collected 265 gold pieces.

Inventory:

Hand Weapons
 a - a +0 war axe (weapon)
Armour
 b - a +0 scale mail (worn)
 c - a +0 buckler (worn)
 f - a +0 pair of boots
 w - a +1 pair of boots (worn)
Jewellery
 e - a ring of ice
Wands
 p - a wand of flame (13)
 z - a wand of quicksilver (12)
Scrolls
 g - 3 scrolls of identify {unknown}
 h - a scroll of magic mapping {unknown}
 k - 6 scrolls of teleportation {unknown}
 l - a scroll of torment {unknown}
 m - 3 scrolls of enchant armour {unknown}
 t - a scroll of noise {unknown}
 u - a scroll of immolation {unknown}
 x - a scroll of enchant weapon {unknown}
 y - a scroll of brand weapon {unknown}
 B - a scroll of vulnerability {unknown}
Potions
 d - 2 potions of might
 i - a potion of attraction
 n - a potion of lignification {unknown}
 o - a potion of flight {unknown}
 r - a potion of brilliance {unknown}
 s - a potion of mutation
 v - a potion of haste
 A - a potion of degeneration {unknown}
 C - a potion of heal wounds {unknown}


   Skills:
 + Level 4.7 Fighting
 * Level 5.0 Axes
 + Level 4.2 Armour
 + Level 4.3 Shields


You had 6 spell levels left.
You didn't know any spells.
Your spell library contained the following spells:

 Spells                   Type           Power      Damage    Failure   Level
 Summon Small Mammal      Summ           0%         N/A       73%         1
 Cigotuvi's Dreadful Rot  Necr/Pois/Air  0%         N/A       86%         2
 Poisonous Vapours        Pois/Air       0%         N/A       86%         2
 Call Canine Familiar     Summ           0%         N/A       97%         3
 Mephitic Cloud           Conj/Pois/Air  0%         N/A       97%         3
 Portal Projectile        Hex/Tloc       0%         N/A       97%         3
 Summon Guardian Golem    Hex/Summ       0%         N/A       97%         3
 Leda's Liquefaction      Hex/Erth       0%         N/A       100%        4


Dungeon Overview and Level Annotations

Branches:
Dungeon (6/15)
 Temple: D:4-7

Altars:

Shops:
D:1 =


Innate Abilities, Weirdness & Mutations

You have sharp fingernails.
You are partially covered in yellow scales. (AC +2)
You regenerate magic rapidly.
A meltable shield of frost defends you. (SH +4)
Your mind is acute. (Int +4, Str/Dex -1)
Your muscles are strong. (Str +4, Int/Dex -1)
You are vulnerable to cold. (rC-)


Message History

The gnoll sergeant is heavily wounded.
You closely miss the gnoll. The gnoll barely misses you.
A gnoll comes into view. It is wielding a +0 whip.
The gnoll sergeant hits you with a +3 trident of protection.
* * * LOW HITPOINT WARNING * * *
The gnoll is attracted toward you.
You hit the gnoll sergeant but do no damage.
The gnoll sergeant is heavily wounded.
You slash the gnoll! You block the gnoll's attack.
The gnoll sergeant hits you with a +3 trident of protection!
* * * LOW HITPOINT WARNING * * *
Unknown command.
It was a potion of berserk rage.
A red film seems to cover your vision as you go berserk!
You feel yourself moving faster!
You feel mighty!
You barely miss the gnoll sergeant.
The gnoll sergeant is heavily wounded.
You slash the gnoll!
You kill the gnoll!
You block the gnoll sergeant's attack. The ice beast is attracted toward you.
You hit the gnoll sergeant.
The gnoll sergeant is heavily wounded.
You hit the necrophage but do no damage.
The gnoll sergeant barely misses you.
The necrophage hits you but does no damage.
You hit the gnoll sergeant.
The gnoll sergeant is heavily wounded.
You barely miss the necrophage.
The necrophage hits you but does no damage.
You block the gnoll sergeant's attack.
You hit the gnoll sergeant.
The gnoll sergeant is severely wounded.
You hit the necrophage. You block the necrophage's attack.
You block the gnoll sergeant's attack.
You slash the gnoll sergeant!
The gnoll sergeant is almost dead.
You barely miss the necrophage.
The necrophage hits you but does no damage.
The gnoll sergeant hits you with a +3 trident of protection!
You die...

#### ..# #.#
####.##########
#........†..... #
#.##.#########.
#..#####.#...########.
#.gFg@nY..............
#..#####)#...#########
..? #)##.## # #Y##.#
#§##.# #§##.# ... .#
..# ## #..#


You could see an ice beast, a necrophage, a gnoll sergeant, a bullfrog and a
gnoll.

Vanquished Creatures
  3 centaurs
  2 scorpions
  A howler monkey (D:6)
  2 hounds (D:5)
  An orc priest (D:5)
  A jelly (D:5)
  2 iguanas
  4 gnolls
  2 adders
  A shadow imp (D:4)
  A white imp (D:5)
  A worm (D:5)
  4 dart slugs
  7 orcs
  5 ball pythons
  4 endoplasms
  4 giant cockroaches
  10 goblins
  5 hobgoblins
  4 quokkas
  5 bats
  3 frilled lizards
  8 kobolds
  11 rats
91 creatures vanquished.

Notes
Turn   | Place    | Note
-------+----------+-------------------------------------------
     0 | D:1      | billz999 the Demonspawn Fighter began the quest for the
                  | Orb.
     0 | D:1      | Reached XP level 1. HP: 18/18 MP: 1/1
   111 | D:1      | Found Ufeream's Jewellery Shoppe.
   142 | D:1      | Reached skill level 2 in Axes
   277 | D:1      | Gained mutation: A meltable shield of frost defends you.
                  | (SH +4) [demonic ancestry]
   277 | D:1      | Reached XP level 2. HP: 22/24 MP: 2/2
   323 | D:1      | You fall into a shaft and drop 1 floor!
   886 | D:1      | Found a faded altar of an unknown god.
  1055 | D:1      | Gained mutation: You have sharp fingernails. [demonic
                  | ancestry]
  1055 | D:1      | Reached XP level 3. HP: 29/29 MP: 3/3
  1866 | D:3      | Reached XP level 4. HP: 35/35 MP: 4/4
  1955 | D:3      | Noticed a scorpion
  1959 | D:3      | Killed a scorpion
  1960 | D:3      | Reached skill level 3 in Axes
  2647 | D:4      | Reached XP level 5. HP: 41/41 MP: 5/5
  3152 | D:5      | Entered Level 5 of the Dungeon
  3306 | D:5      | Gained mutation: You are partially covered in yellow
                  | scales. (AC +2) [demonic ancestry]
  3306 | D:5      | Reached XP level 6. HP: 28/48 MP: 6/6
  3486 | D:5      | Reached skill level 4 in Axes
  3621 | D:5      | Identified the +1 scale mail of Lugonu's Displeasure {rF-
                  | rN+ Int+4}
  3801 | D:5      | Gained mutation: You regenerate magic rapidly. [demonic
                  | ancestry]
  3801 | D:5      | Reached XP level 7. HP: 52/55 MP: 7/7
  4173 | D:6      | HP: 1/50 [gnoll/+2 whip of draining[a gnoll sergeant] (3)]
  4179 | D:6      | Reached skill level 5 in Axes
  4185 | D:6      | Gained mutation: You are vulnerable to cold. (rC-) [potion
                  | of mutation]
  4185 | D:6      | Gained mutation: Your mind is acute. (Int +4, Str/Dex -1)
                  | [potion of mutation]
  4185 | D:6      | Gained mutation: Your muscles are strong. (Str +4, Int/Dex
                  | -1) [potion of mutation]
  4193 | D:6      | HP: 1/48 [gnoll sergeant/+3 trident of protection (7)]
  4199 | D:6      | Mangled by a gnoll sergeant

Illustrated notes

Levels and vault maps discovered:
D:1:      psy_arrival_conway, layout_rooms, serial_co_window_serial,
          co_window_corner_a, co_window_corner_a, co_window_paths_a,
          co_window_of_opportunity_a, co_window_paths_a,
          co_window_unsneaky_path_d, co_window_broadway_a, co_window_broadway_a,
          co_window_paths_d, glass_columns_b, glass_columns_a, glass_columns_c,
          glass_columns_b, glass_columns_a, serial_shops, nicolae_shop_stone,
          shapermc_ecumenical_altar_totnotflames, minmay_fountain_box,
          chequers_serial_rivers_micro_c, minmay_rat_gold_closets
D:2:      layout_basic
D:3:      layout_basic
D:4:      layout_gridville
D:5:      layout_basic
D:6:      layout_loops_ring, elyvilon_altar_4,
          minmay_temple_entry_gardened_gates

Skill      XL: |  1  2  3  4  5  6  7 |
---------------+----------------------+-----
Axes           | 2 3 4 5 |  5.0
Shields        | 3 4 |  4.3
Armour         | 3 4 |  4.2
Fighting       | 4 |  4.7

Action                   |  1- 3 |  4- 6 |  7- 9 || total
-------------------------+-------+-------+-------++-------
Melee: War axe           |   122 |   121 |    46 ||   289
  Use: Potion            |       |       |    10 ||    10
Armor: Scale mail        |    55 |    68 |    20 ||   143
Dodge: Dodged            |    42 |    52 |    25 ||   119
Block: Buckler           |    33 |    71 |    34 ||   138

Table legend: (Time is in decaauts)
 A = Elapsed time spent in this place.
 B = Non-inter-level travel time spent in this place.
 C = Inter-level travel time spent in this place.
 D = Time resting spent in this place.
 E = Time spent auto-exploring this place.
 F = Levels seen in this place.
 G = Mean time per level.
                   A        B        C        D        E       F      G
               +--------+--------+--------+--------+--------+-----+--------+
         Total |   4308 |   3929 |    379 |      0 |   3211 |   6 |  718.0 |
       Dungeon |   4308 |   3929 |    379 |      0 |   3211 |   6 |  718.0 |
               +--------+--------+--------+--------+--------+-----+--------+

Top non-repeatable levels by time:
     D:1: 1123 daAuts
     D:5: 920 daAuts
     D:2: 749 daAuts
     D:3: 742 daAuts
     D:4: 614 daAuts
     D:6: 158 daAuts
